 Dungeon Crawl Stone Soup version bcrawl-1.19.2-6-g6a88ae04c9 (webtiles) character file.

Game seed: 10394935115330220482

55 Mrkan the Ruffian (level 3, -1/36 HPs)
             Began as a Troll Fighter on Dec 29, 2019.
             Was a Follower of Elyvilon.
             Killed from afar by an orc wizard (11 damage)
             ... with a puff of flame
             ... on level 3 of the Dungeon.
             The game lasted 00:02:20 (1643 turns).

Mrkan the Ruffian (Troll Fighter)                   Turns: 1643, Time: 00:02:20

Health: -1/36      AC:  5    Str: 24    XL:     3   Next: 67%
Magic:  2/2        EV:  8    Int:  6    God:    Elyvilon [*.....]
Gold:   150        SH:  8    Dex:  9    Spells: 2/2 levels left

rFire    . . .     SeeInvis .     - Unarmed
rCold    . . .     Gourm    +   a - +0 shield
rNeg     . . .     Faith    .   (armour unavailable)
rPois    .         Spirit   .   (helmet restricted)
rElec    .         Reflect  .   (no cloak)
rCorr    .         Harm     .   (gloves unavailable)
MR       .....                  (boots unavailable)
Stlth    +.........             (no amulet)
HPRegen  0.12/turn              (no ring)
MPRegen  0.08/turn              (no ring)

@: no status effects
A: large, almost no armour, unfitting armour, claws 3, fast metabolism 3,
gourmand, AC +5
a: Lesser Healing, Divine Protection, Renounce Religion


You were on level 3 of the Dungeon.
You worshipped Elyvilon.
Elyvilon was aware of your devotion.
You were full.

You visited 1 branch of the dungeon, and saw 3 of its levels.

You collected 150 gold pieces.

Inventory:

Armour
 a - a +0 shield (worn)
Jewellery
 f - an uncursed amulet of the acrobat {unknown}
 h - a cursed -2 ring of evasion {unknown}
 i - an uncursed ring of protection from magic {unknown}
 p - an uncursed ring of protection from fire {unknown}
Scrolls
 g - a scroll of magic mapping {unknown}
 k - 3 scrolls of teleportation {unknown}
 l - 3 scrolls of identify {unknown}
 m - a scroll of remove curse {unknown}
 n - a scroll of enchant armour {unknown}
 o - a scroll of fog {unknown}
Potions
 b - a potion of might
 d - a potion of brilliance {unknown}
 e - a potion of curing {unknown}
 j - a potion of haste {unknown}
 q - 2 potions of flight {unknown}
Comestibles
 c - 4 rations {!d}


   Skills:
 + Level 2.9 Fighting
 - Level 2.4 Dodging
 - Level 2.0 Shields
 * Level 3.5 Unarmed Combat


You had 2 spell levels left.
You didn't know any spells.
Your spell library was empty.

Dungeon Overview and Level Annotations

Branches:
Dungeon (3/12)

Altars:
Elyvilon


Innate Abilities, Weirdness & Mutations

You cannot wear most types of armour.
Your thick skin is tough. (AC +5)
You are too large for most types of armour.
You have claws for hands.
Your metabolism is lightning-fast.
You like to eat raw meat.


Message History

The slug dart hits you! You block the rat's attack.
Your shield prevents you from hitting the rat.
The orc wizard casts a spell at you. The magic dart hits you!
You block the leopard gecko's attack. x2
The orc barely misses you. The rat barely misses you.
You block the orc wizard's attack.
The dart slug bites you but does no damage.
The leopard gecko bites you but does no damage.
You claw the rat!
You kill the rat!
The leopard gecko bites you but does no damage.
The orc wizard casts a spell at you. The magic dart hits you!
The orc hits you with a +2 short sword of flaming.
The orc burns you.
* * * LOW HITPOINT WARNING * * *
You block the leopard gecko's attack.
The orc wizard points at you and mumbles some strange words.
The puff of flame hits you!
You die...

# #.# #.# #....#
# #.# #.# #.##>#
#
#.###.####.##.#
#
#.............#
#
#####...##.####
#.. #.# ## #.#
#. ##.##
##.#..#l@.#####
#.....w.o?......
......#lo.#####.
.......l.....
##.#...........
# #####.....##
...#### ...# )..


You could see an orc wizard, a dart slug, an orc and 3 leopard geckos.

Vanquished Creatures
  An ooze (D:1)
  A worm (D:2)
  A dart slug (D:1)
  4 leopard geckos (D:2)
  An orc (D:3)
  5 giant cockroaches
  3 hobgoblins (D:2)
  3 jackals (D:3)
  3 kobolds
  A quokka (D:1)
  2 ball pythons
  5 bats
  3 frilled lizards
  3 goblins
  2 rats
38 creatures vanquished.

Notes
Turn   | Place    | Note
-------+----------+-------------------------------------------
     0 | D:1      | Mrkan the Troll Fighter began the quest for the Orb.
     0 | D:1      | Reached XP level 1. HP: 22/22 MP: 0/0
   175 | D:1      | Reached XP level 2. HP: 17/29 MP: 1/1
   757 | D:2      | Reached skill level 3 in Unarmed Combat
   833 | D:2      | Found a white marble altar of Elyvilon.
   887 | D:2      | Found a white marble altar of Elyvilon.
   902 | D:2      | Reached XP level 3. HP: 36/36 MP: 2/2
   909 | D:2      | Became a worshipper of Elyvilon the Healer
  1353 | D:2      | Reached * piety under Elyvilon
  1643 | D:3      | Killed from afar by an orc wizard

Skill      XL: |  1  2 |
---------------+-------+-----
Unarmed Combat | 3 |  3.5
Fighting       | |  2.9
Dodging        | |  2.4
Shields        | |  2.0

Action                   || total
-------------------------++-------
Melee: Unarmed           ||   108
 Stab: Sleeping          ||     1
  Eat: Chunk             ||    13
Armor: Skin              ||    60
Dodge: Dodged            ||    54
Block: Shield            ||    65
